TOP OF THE 1ST |
Miami Marlins batting - Pitching for New York Mets : LHP Jose Vega
|
Pitching: LHP Jose Vega
|
|
Batting: RHB Jeff Garofalo
|
0-0: Ball 1-0: Foul Ball, location: 2F 1-1: Foul Ball, location: 2F 1-2: Fly out, F8 (Line Drive, 8RD, EV 89.4 MPH)
|
Batting: RHB Justin Huff
|
0-0: Fly out, F7 (Flyball, 7LM, EV 93.8 MPH)
|
Batting: LHB Andre Gorter
|
0-0: Called Strike 0-1: Ball 1-1: Foul Ball, location: 2F 1-2: Ball 2-2: Strikes out swinging
|
Top of the 1st over - 0 runs, 0 hits, 0 errors, 0 left on base; Miami 0 - New York 0 |
BOTTOM OF THE 1ST |
New York Mets batting - Pitching for Miami Marlins : RHP Mike Powell
|
Pitching: RHP Mike Powell
|
|
Batting: SHB Gus Berry
|
0-0: Foul Ball, location: 2F 0-1: Foul Ball, location: 2F 0-2: Ball 1-2: Ball 2-2: Fly out, F9 (Flyball, 9D, EV 91.2 MPH)
|
Batting: SHB Jonathan Jenkins
|
0-0: Called Strike 0-1: Ball 1-1: Foul Ball, location: 2F 1-2: Foul Ball, location: 2F 1-2: Ball 2-2: Strikes out looking
|
Batting: SHB Harry Hoop
|
0-0: Fly out, F6 (Flyball, 6MD, EV 76.9 MPH)
|
Bottom of the 1st over - 0 runs, 0 hits, 0 errors, 0 left on base; Miami 0 - New York 0 |
TOP OF THE 2ND |
Miami Marlins batting - Pitching for New York Mets : LHP Jose Vega
|
Batting: RHB Jimmy Groseclose
|
0-0: Called Strike 0-1: Hit by Pitch
|
Batting: RHB Roger Salazar
|
0-0: Ball 1-0: Called Strike 1-1: Ball 2-1: SINGLE (Groundball, 6M, EV 97.5 MPH) Jimmy Groseclose to second
|
Batting: RHB Seth Tramontano
|
0-0: Ball 1-0: SINGLE (Line Drive, 56D, EV 96.2 MPH) Jimmy Groseclose to third Roger Salazar to second
|
Batting: RHB Greg Herzig
|
0-0: Called Strike 0-1: Ball 1-1: Foul Ball, location: 2F 1-2: Foul Ball, location: 2F 1-2: Grounds into double play, 5-4-3 (Groundball, 5, EV 91.2 MPH) Jimmy Groseclose scores Roger Salazar to third
|
Batting: RHB Steve Barnard
|
0-0: Swinging Strike 0-1: Fly out, F3 (Popup, 3SF, EV 75.6 MPH)
|
Top of the 2nd over - 1 run, 2 hits, 0 errors, 1 left on base; Miami 1 - New York 0 |
BOTTOM OF THE 2ND |
New York Mets batting - Pitching for Miami Marlins : RHP Mike Powell
|
Batting: SHB Sean Cook
|
0-0: Called Strike 0-1: Ball 1-1: Ball 2-1: Foul Ball, location: 2F 2-2: Ball 3-2: Foul Ball, location: 2F 3-2: SINGLE (Line Drive, 9S, EV 107.5 MPH)
|
Batting: SHB Nelle van den Berg
|
0-0: Ball Sean Cook steals 2nd base 1-0: Called Strike 1-1: Ground out 1-3 (Groundball, 34S, EV 63.1 MPH) Sean Cook to third
|
Batting: SHB Javy Rosa
|
0-0: Ball 1-0: Ball 2-0: Ball 3-0: Called Strike 3-1: Base on Balls
|
Batting: RHB Jeff Jank
|
0-0: Foul Ball, location: 2F 0-1: Foul Ball, location: 2F 0-2: Ball 1-2: SINGLE (Flyball, 5D, EV 96.9 MPH) Sean Cook scores Javy Rosa to second
|
Batting: SHB Kaname Fujimoto
|
0-0: Called Strike 0-1: Ball 1-1: Foul Ball, location: 2F 1-2: Foul Ball, location: 2F 1-2: Ball 2-2: Foul Ball, location: 2F 2-2: Strikes out swinging
|
Batting: SHB Tomas Caldera
|
0-0: Foul Ball, location: 2F 0-1: Foul Ball, location: 2F 0-2: Ball 1-2: Ball 2-2: Ball Wild Pitch! Javy Rosa to third Jeff Jank to second 3-2: SINGLE (Groundball, P, EV 87.5 MPH) (infield hit) Javy Rosa scores Jeff Jank to third
|
Batting: SHB Gus Berry
|
0-0: Ball 1-0: Ball 2-0: Called Strike 2-1: Foul Ball, location: 2F 2-2: Foul Ball, location: 2F 2-2: Foul Ball, location: 2F 2-2: Foul Ball, location: 2F 2-2: Foul Ball, location: 2F 2-2: Ball 3-2: Foul Ball, location: 2F 3-2: Strikes out swinging
|
Bottom of the 2nd over - 2 runs, 3 hits, 0 errors, 2 left on base; Miami 1 - New York 2 |
TOP OF THE 3RD |
Miami Marlins batting - Pitching for New York Mets : LHP Jose Vega
|
Batting: RHB Eric Jordan
|
0-0: Ball 1-0: Ground out 3-1 (Groundball, 34, EV 103.8 MPH)
|
Batting: RHB Jeff Garofalo
|
0-0: Swinging Strike 0-1: Swinging Strike 0-2: Strikes out swinging
|
Batting: RHB Justin Huff
|
0-0: Ball 1-0: Ball 2-0: Ball 3-0: Base on Balls
|
Batting: LHB Andre Gorter
|
0-0: Foul Ball, location: 2F 0-1: Foul Ball, location: 2F 0-2: Ball 1-2: Ground out U3 (Groundball, 34, EV 91.2 MPH)
|
Top of the 3rd over - 0 runs, 0 hits, 0 errors, 1 left on base; Miami 1 - New York 2 |
BOTTOM OF THE 3RD |
New York Mets batting - Pitching for Miami Marlins : RHP Mike Powell
|
Batting: SHB Jonathan Jenkins
|
0-0: Swinging Strike 0-1: Swinging Strike 0-2: Strikes out swinging
|
Batting: SHB Harry Hoop
|
0-0: Ball 1-0: Called Strike 1-1: Called Strike 1-2: Ball 2-2: Ground out 6-3 (Groundball, 56, EV 107.5 MPH)
|
Batting: SHB Sean Cook
|
0-0: Foul Ball, location: 2F 0-1: Foul Ball, location: 2F 0-2: Ball 1-2: Fly out, F7 (Flyball, 78S, EV 79.4 MPH)
|
Bottom of the 3rd over - 0 runs, 0 hits, 0 errors, 0 left on base; Miami 1 - New York 2 |
TOP OF THE 4TH |
Miami Marlins batting - Pitching for New York Mets : LHP Jose Vega
|
Batting: RHB Jimmy Groseclose
|
0-0: Called Strike 0-1: Ball 1-1: Foul Ball, location: 2F 1-2: Foul Ball, location: 2F 1-2: Ball 2-2: Ball 3-2: Strikes out looking
|
Batting: RHB Roger Salazar
|
0-0: Called Strike 0-1: Ball 1-1: Ball 2-1: Ball 3-1: Ground out 6-3 (Groundball, 6, EV 91.2 MPH)
|
Batting: RHB Seth Tramontano
|
0-0: Ball 1-0: Ball 2-0: Swinging Strike 2-1: Foul Ball, location: 2F 2-2: Strikes out swinging
|
Top of the 4th over - 0 runs, 0 hits, 0 errors, 0 left on base; Miami 1 - New York 2 |
BOTTOM OF THE 4TH |
New York Mets batting - Pitching for Miami Marlins : RHP Mike Powell
|
Batting: SHB Nelle van den Berg
|
0-0: Ball 1-0: Called Strike 1-1: Ball 2-1: Ball 3-1: Called Strike 3-2: Fly out, F8 (Flyball, 8LD, EV 101.9 MPH)
|
Batting: SHB Javy Rosa
|
0-0: Called Strike 0-1: SINGLE (Groundball, 34D, EV 101.9 MPH)
|
Batting: RHB Jeff Jank
|
0-0: Ball 1-0: Ball 2-0: Ball 3-0: Called Strike 3-1: Called Strike 3-2: Foul Ball, location: 2F 3-2: Ground out 5-3 (Groundball, 56S, EV 90.0 MPH) Javy Rosa to second
|
Batting: SHB Kaname Fujimoto
|
0-0: Ball 1-0: Ball 2-0: Called Strike 2-1: SINGLE (Groundball, 34D, EV 101.9 MPH) Javy Rosa to third Runner from 3rd tries for Home, SAFE, throw by RF to home
|
Batting: SHB Tomas Caldera
|
0-0: Foul Ball, location: 2F 0-1: Foul Ball, location: 2F 0-2: Ball 1-2: Strikes out swinging
|
Bottom of the 4th over - 1 run, 2 hits, 0 errors, 1 left on base; Miami 1 - New York 3 |
TOP OF THE 5TH |
Miami Marlins batting - Pitching for New York Mets : LHP Jose Vega
|
Batting: RHB Greg Herzig
|
0-0: Called Strike 0-1: Ground out 6-3 (Groundball, 6, EV 88.8 MPH)
|
Batting: RHB Steve Barnard
|
0-0: Foul Ball, location: 2F 0-1: Called Strike 0-2: Ball 1-2: Strikes out swinging
|
Batting: RHB Eric Jordan
|
0-0: Called Strike 0-1: Foul Ball, location: 2F 0-2: Ball 1-2: Ball 2-2: Ball 3-2: Fly out, F9 (Flyball, 89S, EV 89.4 MPH)
|
Top of the 5th over - 0 runs, 0 hits, 0 errors, 0 left on base; Miami 1 - New York 3 |
BOTTOM OF THE 5TH |
New York Mets batting - Pitching for Miami Marlins : RHP Mike Powell
|
Batting: SHB Gus Berry
|
0-0: Ball 1-0: Called Strike 1-1: Foul Ball, location: 2F 1-2: Ball 2-2: Foul Ball, location: 2F 2-2: Ball 3-2: Base on Balls
|
Batting: SHB Jonathan Jenkins
|
0-0: Ball 1-0: Called Strike 1-1: Swinging Strike 1-2: DOUBLE (Line Drive, 9LM, EV 87.5 MPH) Gus Berry to third Runner from 3rd tries for Home, SAFE, no throw by RF
|
Pitching: RHP Julio Espinel
|
|
Batting: SHB Harry Hoop
|
0-0: Ball 1-0: Ball 2-0: Ball 3-0: Base on Balls
|
Batting: SHB Sean Cook
|
0-0: Foul Ball, location: 2F 0-1: DOUBLE (Groundball, 5L, EV 95.6 MPH) Jonathan Jenkins scores Harry Hoop to third
|
Batting: SHB Nelle van den Berg
|
0-0: Fly out, F8 (Flyball, 78D, EV 103.1 MPH) Runner from 3rd tags up, SCORES, no throw by CF
|
Batting: SHB Javy Rosa
|
0-0: Foul Ball, location: 2F 0-1: Ball 1-1: Swinging Strike 1-2: Foul Ball, location: 2F 1-2: Foul Ball, location: 2F 1-2: Fly out, F8 (Flyball, 8RXD, EV 96.2 MPH) Runner from 2nd tags up, SAFE at 3rd, no throw by CF
|
Batting: RHB Jeff Jank
|
0-0: Ball 1-0: Ball 2-0: Fly out, F4 (Popup, 34S, EV 80.0 MPH)
|
Bottom of the 5th over - 3 runs, 2 hits, 0 errors, 1 left on base; Miami 1 - New York 6 |
TOP OF THE 6TH |
Miami Marlins batting - Pitching for New York Mets : LHP Jose Vega
|
Batting: RHB Jeff Garofalo
|
0-0: Ball 1-0: SINGLE (Line Drive, 7S, EV 110.0 MPH)
|
Batting: RHB Justin Huff
|
0-0: Called Strike 0-1: Fly out, F8 (Flyball, 78M, EV 85.6 MPH)
|
Batting: LHB Andre Gorter
|
0-0: Called Strike 0-1: Fly out, F9 (Flyball, 9S, EV 71.2 MPH)
|
Batting: RHB Jimmy Groseclose
|
0-0: Ball 1-0: SINGLE (Groundball, 56D, EV 93.8 MPH) Jeff Garofalo to second Runner from 2nd tries for 3rd, OUT! 7-5
|
Top of the 6th over - 0 runs, 2 hits, 0 errors, 1 left on base; Miami 1 - New York 6 |
BOTTOM OF THE 6TH |
New York Mets batting - Pitching for Miami Marlins : RHP Julio Espinel
|
Batting: SHB Kaname Fujimoto
|
0-0: Ball 1-0: Ground out 4-3 (Groundball, 4M, EV 89.4 MPH)
|
Batting: SHB Tomas Caldera
|
0-0: Foul Ball, location: 2F 0-1: Ball 1-1: Swinging Strike 1-2: Ball 2-2: Foul Ball, location: 2F 2-2: Ball 3-2: Base on Balls
|
Batting: SHB Gus Berry
|
0-0: Ball 1-0: Foul Ball, location: 2F 1-1: Ball 2-1: Grounds out, U3 (Groundball, 3L, EV 101.9 MPH)
|
Batting: SHB Jonathan Jenkins
|
0-0: Ball 1-0: Ball 2-0: Called Strike 2-1: Ball 3-1: Base on Balls
|
Batting: SHB Harry Hoop
|
0-0: Swinging Strike 0-1: Ground out 4-3 (Groundball, P, EV 86.2 MPH)
|
Bottom of the 6th over - 0 runs, 0 hits, 0 errors, 2 left on base; Miami 1 - New York 6 |
TOP OF THE 7TH |
Miami Marlins batting - Pitching for New York Mets : LHP Jose Vega
|
Batting: RHB Roger Salazar
|
0-0: Ground out 6-3 (Groundball, 56D, EV 83.1 MPH)
|
Batting: RHB Seth Tramontano
|
0-0: Ball 1-0: Ball 2-0: Ball 3-0: Called Strike 3-1: Base on Balls
|
Batting: RHB Greg Herzig
|
0-0: Ball 1-0: Called Strike 1-1: Called Strike 1-2: Strikes out swinging
|
Batting: RHB Steve Barnard
|
0-0: Ball 1-0: Ball 2-0: Called Strike 2-1: Foul Ball, location: 2F 2-2: Ball 3-2: SINGLE (Groundball, 4MD, EV 104.4 MPH) Seth Tramontano to second Seth Tramontano to third
|
Pitching: RHP Ron Hawkins
|
|
Batting: RHB Eric Jordan
|
0-0: Ball 1-0: Ball 2-0: Fielders Choice at 2nd, 6-4 (Groundball, 6, EV 98.8 MPH)
|
Top of the 7th over - 0 runs, 1 hit, 0 errors, 2 left on base; Miami 1 - New York 6 |
BOTTOM OF THE 7TH |
New York Mets batting - Pitching for Miami Marlins : RHP Julio Espinel
|
Batting: SHB Sean Cook
|
0-0: Ball 1-0: Ball 2-0: Foul Ball, location: 2F 2-1: Ball 3-1: Base on Balls
|
Batting: SHB Nelle van den Berg
|
0-0: Called Strike 0-1: Foul Ball, location: 2F 0-2: Foul Ball, location: 2F 0-2: Foul Ball, location: 2F 0-2: Ball 1-2: Ball 2-2: SINGLE (Groundball, 34D, EV 103.8 MPH) Sean Cook to second Runner from 2nd tries for 3rd, SAFE, throw by RF made to third Nelle van den Berg to second
|
Pitching: RHP Jonah Syndergaard
|
|
Batting: SHB Javy Rosa
|
0-0: Ball 1-0: Swinging Strike 1-1: SINGLE (Line Drive, 4MD, EV 107.5 MPH) Sean Cook scores Nelle van den Berg to third Runner from 3rd tries for Home, throw by CF and OUT! 8-2
|
Batting: RHB Jeff Jank
|
0-0: Foul Ball, location: 2F 0-1: Foul Ball, location: 2F 0-2: Foul Ball, location: 2F 0-2: Fly out, F2 (Popup, 23F, EV 80.0 MPH)
|
Batting: SHB Kaname Fujimoto
|
0-0: SINGLE (Groundball, 15S, EV 64.4 MPH) (infield hit) Javy Rosa to second
|
Batting: SHB Tomas Caldera
|
0-0: Foul Ball, location: 2F 0-1: Foul Ball, location: 2F 0-2: Fly out, F7 (Flyball, 7S, EV 88.8 MPH)
|
Bottom of the 7th over - 1 run, 3 hits, 0 errors, 2 left on base; Miami 1 - New York 7 |
TOP OF THE 8TH |
Miami Marlins batting - Pitching for New York Mets : RHP Ron Hawkins
|
Batting: RHB Jeff Garofalo
|
0-0: SINGLE (Flyball, 8LS, EV 93.8 MPH)
|
Batting: RHB Justin Huff
|
0-0: Ball 1-0: Ball 2-0: SINGLE (Groundball, 56, EV 85.6 MPH) (infield hit) Jeff Garofalo to second
|
Batting: LHB Andre Gorter
|
0-0: Foul Ball, location: 2F 0-1: Ball 1-1: Ball 2-1: Ball 3-1: Base on Balls Jeff Garofalo to third Justin Huff to second
|
Batting: RHB Jimmy Groseclose
|
0-0: Called Strike 0-1: Fly out, F3 (Flyball, 34D, EV 90.0 MPH)
|
Batting: RHB Roger Salazar
|
0-0: Called Strike 0-1: Called Strike 0-2: Ball 1-2: Foul Ball, location: 2F 1-2: Strikes out swinging
|
Batting: RHB Seth Tramontano
|
0-0: Foul Ball, location: 2F 0-1: Ball 1-1: Ball 2-1: Foul Ball, location: 2F 2-2: Fly out, F8 (Flyball, 8RXD, EV 104.4 MPH)
|
Top of the 8th over - 0 runs, 2 hits, 0 errors, 3 left on base; Miami 1 - New York 7 |
BOTTOM OF THE 8TH |
New York Mets batting - Pitching for Miami Marlins : RHP Jonah Syndergaard
|
Batting: SHB Gus Berry
|
0-0: Called Strike 0-1: Called Strike 0-2: Ball 1-2: Strikes out looking
|
Batting: SHB Jonathan Jenkins
|
0-0: SINGLE (Flyball, 8LS, EV 88.1 MPH)
|
Batting: SHB Harry Hoop
|
0-0: Swinging Strike 0-1: Foul Ball, location: 2F 0-2: Ball 1-2: Strikes out swinging
|
Batting: SHB Sean Cook
|
0-0: Called Strike 0-1: Called Strike 0-2: Ball 1-2: Strikes out swinging
|
Bottom of the 8th over - 0 runs, 1 hit, 0 errors, 1 left on base; Miami 1 - New York 7 |
TOP OF THE 9TH |
Miami Marlins batting - Pitching for New York Mets : RHP Ron Hawkins
|
Batting: RHB Greg Herzig
|
0-0: Ball 1-0: Foul Ball, location: 2F 1-1: Ground out 4-3 (Groundball, 4, EV 91.2 MPH)
|
Batting: RHB Steve Barnard
|
0-0: Called Strike 0-1: Ball 1-1: Ground out 3-1 (Groundball, 34, EV 86.9 MPH)
|
Batting: RHB Eric Jordan
|
0-0: Swinging Strike 0-1: Foul Ball, location: 2F 0-2: Strikes out swinging
|
Top of the 9th over - 0 runs, 0 hits, 0 errors, 0 left on base; Miami 1 - New York 7 |
|